 Dungeon Crawl Stone Soup version 0.27-a0-245-g075faa5519 (webtiles) character file.

Game seed: 16609358689008651422

12 KristoblXynda the Sneak (level 2, -1/29 HPs)
             Began as a Troll Delver on Feb 3, 2021.
             Slain by a centaur (8 damage)
             ... on level 5 of the Dungeon.
             The game lasted 00:00:20 (96 turns).

KristoblXynda the Sneak (Troll Delver)                Turns: 96, Time: 00:00:20

Health: -1/29      AC:  6    Str: 19    XL:     2   Next: 20%
Magic:  1/1        EV: 10    Int:  6    God:
Gold:   16         SH:  0    Dex: 11    Spells: 1/1 levels left

rFire    . . .     SeeInvis .     - Unarmed
rCold    . . .     Faith    .   (no shield)
rNeg     . . .     Spirit   .   a - +0 robe
rPois    .         Reflect  .   (helmet restricted)
rElec    .         Harm     .   (no cloak)
rCorr    .         Rampage  .   (gloves unavailable)
Will     .....                  (boots unavailable)
Stlth    ++........             (no amulet)
HPRegen  0.49/turn              (no ring)
MPRegen  0.07/turn              (no ring)

@: no status effects
A: large, unfitting armour, claws 3, regeneration 1, shaggy fur 1, tough skin 3
a: no special abilities


You were on level 5 of the Dungeon.
You visited 1 branch of the dungeon, and saw 1 of its levels.

You collected 16 gold pieces.

Inventory:

Armour
 a - a +0 robe (worn)
Wands
 f - a wand of digging (3)
Scrolls
 b - a scroll of fog
 c - a scroll of magic mapping
 d - a scroll of fear
Potions
 e - a potion of haste
 g - a potion of might {unknown}


   Skills:
 + Level 2.6 Fighting
 + Level 0.5 Armour
 + Level 1.8 Dodging
 - Level 2.7 Stealth
 + Level 2.2 Unarmed Combat


You had one spell level left.
You didn't know any spells.
Your spell library was empty.

Dungeon Overview and Level Annotations

Branches:
Dungeon (5/15)
 Temple: D:4-7

Altars:


Innate Abilities, Weirdness & Mutations

You are too large for most types of armour.
You have claws for hands.
Your natural rate of healing is unusually fast.
You are covered in fur. (AC +1)
You have extremely tough skin. (AC +3)


Message History

Found 8 gold pieces.
You scratch the centaur but do no damage.
The centaur hits you!
You completely miss the centaur. The centaur hits you!
The centaur closely misses you.
You closely miss the centaur. The centaur barely misses you.
You claw the centaur!
The centaur is moderately wounded.
The centaur hits you.
* * * LOW HITPOINT WARNING * * *
The centaur hits you.
* * * LOW HITPOINT WARNING * * *
You barely miss the centaur.
The centaur is moderately wounded.
The centaur barely misses you.
Unknown command.
You scratch the centaur but do no damage.
The centaur is moderately wounded.
The centaur barely misses you. The centaur hits you!
You die...

# #..#..#.#.........
###.#.......#...#.....
...#................
###................#
...................# ...
......... #........##...
........###........#....
.......@.†..............
###.##c####..#...#.....
#. #..#..##[..# #.
###.....##...#
................##
#...###.#.###....## #$
...#.###...... ##
#####.#......##
#.###..#.##


You could see a centaur.

Vanquished Creatures
  A white imp (D:5)
  2 jackals (D:5)
  A quokka (D:5)
  A jackal zombie (D:5)
5 creatures vanquished.

Notes
Turn   | Place    | Note
-------+----------+-------------------------------------------
     0 | D:5      | KristoblXynda the Troll Delver began the quest for the Orb.
     0 | D:5      | Reached XP level 1. HP: 22/22 MP: 0/0
    36 | D:5      | Reached XP level 2. HP: 20/29 MP: 1/1
    89 | D:5      | Noticed a centaur
    96 | D:5      | Slain by a centaur

Illustrated notes

Levels and vault maps discovered:
D:5:      layout_basic, uniq_edmund

Action                   || total
-------------------------++-------
Melee: Unarmed           ||    21
Armor: Robe              ||     3
Dodge: Dodged            ||    10

Table legend: (Time is in decaauts)
 A = Elapsed time spent in this place.
 B = Non-inter-level travel time spent in this place.
 C = Inter-level travel time spent in this place.
 D = Time resting spent in this place.
 E = Time spent auto-exploring this place.
 F = Levels seen in this place.
 G = Mean time per level.
                   A        B        C        D        E       F      G
               +--------+--------+--------+--------+--------+-----+--------+
         Total |     95 |     95 |      0 |     17 |     32 |   1 |   95.0 |
       Dungeon |     95 |     95 |      0 |     17 |     32 |   1 |   95.0 |
               +--------+--------+--------+--------+--------+-----+--------+

Top non-repeatable levels by time:
     D:5: 95 daAuts
